 Dungeon Crawl Stone Soup version 0.17-a0-907-g2807436 (webtiles) character file.

171 FedoraBrony69 the Conjurer (level 5, -4/28 HPs)
             Began as a Deep Elf Conjurer on May 2, 2015.
             Slain by a fire elemental (7 damage)
             ... on level 3 of the Dungeon.
             The game lasted 00:06:34 (2481 turns).

FedoraBrony69 the Conjurer (Deep Elf Conjurer)      Turns: 2481, Time: 00:06:36

Health: -4/28      AC:  5    Str:  5    XL:     5   Next: 26%
Magic:  1/24       EV: 13    Int: 21    God:
Gold:   191        SH:  0    Dex: 15    Spells: 3 memorised, 5 levels left

rFire  + . .     SeeInvis .     o - staff of fire
rCold  . . .     Clarity  .     s - +0 robe {MR+}
rNeg   . . .     SustAb   .     (no shield)
rPois  .         Gourm    .     h - +0 hat
rElec  .         Spirit   .     t - +1 cloak
rCorr  .         Warding  .     (no gloves)
rMut   .         Stasis   .     m - +0 pair of boots
MR     +....                    (no amulet)
Stlth  +.........               (no ring)
                                j - ring of magical power

@: very slightly contaminated, somewhat resistant to hostile enchantments, very
unstealthy
A: no striking features
a: no special abilities


You were on level 3 of the Dungeon.
You were not hungry.

You visited 1 branch of the dungeon, and saw 3 of its levels.

You collected 191 gold pieces.

Inventory:

Hand weapons
 f - a +0 short sword of venom
Armour
 a - a +0 robe
 h - a +0 hat (worn)
 m - a +0 pair of boots (worn)
 q - a cursed +0 leather armour
 s - a +0 robe of magic resistance (worn)
 t - a +1 cloak (worn)
Magical staves
 o - an uncursed staff of fire (weapon)
Jewellery
 j - a ring of magical power (left hand)
Magical devices
 r - a wand of magic darts (10)
Scrolls
 d - 2 scrolls of enchant weapon {unknown}
 g - 4 scrolls of identify {unknown}
 i - a scroll of fog {unknown}
 k - 3 scrolls of remove curse {unknown}
 p - a scroll of enchant armour {unknown}
Potions
 e - 2 potions of curing {unknown}
 n - a potion of agility {unknown}
 u - a potion of cancellation {unknown}
Books
 b - a book of Conjurations

   Spells                             Type                      Level
   a - Magic Dart                     Conjuration                  1
   b - Searing Ray                    Conjuration                  2
   c - Dazzling Spray                 Conjuration/Hexes            3
   d - Fulminant Prism                Conjuration/Hexes            4
   e - Iskenderun's Mystic Blast      Conjuration                  4
   f - Iskenderun's Battlesphere      Conjuration/Charms           5
Comestibles
 c - 3 bread rations
 l - 2 meat rations
 v - 3 chunks of flesh


   Skills:
 - Level 2.4 Dodging
 - Level 2.4 Stealth
 + Level 5.5 Spellcasting
 + Level 6.0 Conjurations


You had 5 spell levels left.
You knew the following spells:

 Your Spells              Type           Power        Failure   Level  Hunger
a - Magic Dart            Conj           ####         1%          1    None
b - Iskenderun's Battles  Conj/Chrm      ###.....     87%         5    #####..
c - Iskenderun's Mystic   Conj           ####....     12%         4    ####...


Dungeon Overview and Level Annotations

Branches:
Dungeon (3/15)

Altars:
Makhleb
Qazlal
Yredelemnul


Message History

Evoke which item? (* to show all) (? for menu, Esc to quit)
Zapping:
r - a wand of magic darts {zapped: 1} (will waste charges)
Press: ? - help, Shift-Dir - straight line, f/p - fire elemental
Aim: a fire elemental (almost destroyed)
The magic dart hits the fire elemental.
The fire elemental is almost destroyed.
Evoking this partially-identified wand wasted a few charges.
The fire elemental hits you. The fire elemental burns you! You resist.
* * * LOW HITPOINT WARNING * * *
Evoke which item? (* to show all) (? for menu, Esc to quit)
Zapping:
r - a wand of magic darts {zapped: 3} (will waste charges)
Press: ? - help, Shift-Dir - straight line, f/p - fire elemental
Aim: a fire elemental (almost destroyed)
The magic dart hits the fire elemental.
The fire elemental is almost destroyed.
Evoking this partially-identified wand wasted a few charges.
The fire elemental hits you.
* * * LOW HITPOINT WARNING * * *
The fire elemental burns you! You resist.
You die...

.#####........##########.#
.# ####..#..# #.# .#
#....## #.# .# ##.#.######
#.# .# #.#.##...# ##.## .#
#######...##_._# ##..<## .#
#.......#.##...
###..#..#####. .#
#.#####...##E##
#..<###....... .#
#.#######.###@#
###..#..###### ##
#.##...##.##≈## ##..[##
#.##......###≈#######.##
#.##...###..8.8.......#
#.###.## ##....)########
#.# #.######...........#
#.# #...........######.#
####.###.######.##.######.#
>........####...##......#.#


You could see a fire elemental.

Vanquished Creatures
  Jessica (D:2)
  7 adders
  A giant gecko (D:2)
  11 orcs (D:3)
  3 giant cockroaches
  5 goblins
  9 hobgoblins
  8 jackals (D:1)
  9 kobolds
  4 bats
  4 giant newts
  9 rats
71 creatures vanquished.

Notes
Turn   | Place    | Note
--------------------------------------------------------------
     0 | D:1      | FedoraBrony69, the Deep Elf Conjurer, began the quest for the Orb.
     0 | D:1      | Reached XP level 1. HP: 10/10 MP: 6/6
   157 | D:1      | Reached XP level 2. HP: 15/15 MP: 0/8
   425 | D:1      | Reached skill level 5 in Conjurations
   564 | D:1      | Reached XP level 3. HP: 19/19 MP: 3/10
  1081 | D:2      | Reached XP level 4. HP: 20/24 MP: 6/12
  1194 | D:2      | Found a basalt altar of Yredelemnul.
  1306 | D:2      | Noticed Jessica
  1461 | D:2      | Killed Jessica
  1461 | D:2      | Reached skill level 5 in Spellcasting
  1780 | D:3      | Reached XP level 5. HP: 28/28 MP: 14/14
  1819 | D:3      | Reached skill level 6 in Conjurations
  1826 | D:3      | Learned a level 5 spell: Iskenderun's Battlesphere
  1831 | D:3      | Learned a level 4 spell: Iskenderun's Mystic Blast
  2449 | D:3      | Found a stormy altar of Qazlal.
  2472 | D:3      | Found a burning altar of Makhleb.
  2472 | D:3      | Noticed a fire elemental
  2481 | D:3      | Slain by a fire elemental

Action                   |  1- 3 |  4- 6 || total
-------------------------+-------+-------++-------
Melee: Short sword       |    10 |       ||    10
 Cast: Magic Dart        |    69 |    66 ||   135
       Iskenderun's Myst |       |     3 ||     3
Evoke: Wand              |       |     2 ||     2
  Eat: Chunk             |       |     5 ||     5
